 Dungeon Crawl Stone Soup version 0.27-a0-1595-g0b823d0a13 (webtiles) character file.

Game seed: 487523335875217623

12171 ezpacito the Envoy of Void (level 11, -2/124 HPs)
             Began as a Demonspawn Abyssal Knight on July 20, 2021.
             Was a High Priest of Lugonu.
             Slain by an acid dragon (5 damage)
             ... on level 11 of the Dungeon.
             The game lasted 00:19:38 (14100 turns).

ezpacito the Envoy of Void (DsAK)                  Turns: 14100, Time: 00:19:39

Health: -2/124     AC: 17    Str: 13    XL:     11   Next: 58%
Magic:  0/18       EV: 13    Int: 13    God:    Lugonu [*****.]
Gold:   276        SH:  0    Dex: 27    Spells: 12/20 levels left

rFire    . . .     SeeInvis .   x - +1 battleaxe of Hin Kaph {spect, rElec Dex+3 Stlth+}
rCold    . . .     Faith    .   (shield currently unavailable)
rNeg     . . .     Spirit   +   g - +5 steam dragon scales
rPois    .         Reflect  .   B - +1 helmet
rElec    +         Harm     .   k - +2 cloak
rCorr    .         Rampage  .   (no gloves)
Will     .....     Clarity  +   (no boots)
Stlth    ..........             (no amulet)
HPRegen  0.30/turn              G - +6 ring of dexterity
MPRegen  0.32/turn              p - +4 ring of protection

@: berserking (expiring), corroded, studying Air Magic, very quick
A: claws 2, magic shield, magic regeneration, sturdy frame 2, agile 1, clarity,
evolution 1
a: Renounce Religion, Depart the Abyss, Bend Space, Banish, Corrupt, Enter the
Abyss


You were on level 11 of the Dungeon.
You worshipped Lugonu.
Lugonu was extremely pleased with you.
You visited 2 branches of the dungeon, and saw 12 of its levels.
You visited the Abyss 1 time.
You also visited: Ossuary.

You collected 552 gold pieces.
You spent 276 gold pieces at shops.

Inventory:

Hand Weapons
 d - a +2 broad axe of flaming
 x - the +1 battleaxe of Hin Kaph (weapon) {spect, rElec Dex+3 Stlth+}
   (You bought it in a shop on level 7 of the Dungeon)

   When its wielder attacks, the weapon's spirit leaps out and strikes again.
   The spirit shares a part of any damage it takes with its wielder.
   Dex:       It affects your dexterity (+3).
   rElec:     It insulates you from electricity.
   Stlth:     It makes you more stealthy.
Missiles
 a - 35 poisoned darts
 f - 162 stones
 h - 11 boomerangs
 j - 5 atropa-tipped darts
 v - a throwing net
 D - a curare-tipped dart
 H - 6 javelins
Armour
 g - +5 steam dragon scales (worn)
 i - a +2 hat
 k - a +2 cloak (worn)
 B - a +1 helmet (worn)
 I - a +0 plate armour
Magical Staves
 b - a staff of conjuration
Jewellery
 c - a ring of magical power
 p - a +4 ring of protection (right claw)
 G - a +6 ring of dexterity (left claw)
 K - a +4 ring of protection
 L - a ring of ice
Wands
 s - a wand of iceblast (14)
 w - a wand of charming (8)
 z - a wand of mindburst (28)
 A - a wand of acid (12)
Scrolls
 e - 5 scrolls of teleportation
 l - 2 scrolls of blinking
 o - 2 scrolls of vulnerability
 q - 2 scrolls of torment
 r - a scroll of summoning
 y - 4 scrolls of identify
 C - a scroll of fog
Potions
 m - a potion of mutation
 n - 2 potions of brilliance
 t - 10 potions of curing
 u - a potion of lignification
 J - a potion of flight


   Skills:
 + Level 6.6 Fighting
 * Level 8.1 Axes
 * Level 7.8 Armour
 - Level 1.7 Dodging
 + Level 5.1 Unarmed Combat
 + Level 5.2 Spellcasting
 + Level 3.2 Conjurations
 + Level 5.9 Air Magic
 + Level 8.1 Invocations
 + Level 5.5 Evocations


You had 12 spell levels left.
You knew the following spells:

 Your Spells              Type           Power      Damage    Failure   Level
a - Shock                 Conj/Air       60%        1d6       2%          1
b - Swiftness             Air            18%        N/A       4%          3
c - Airstrike             Air            9%         N/A       16%         4

Your spell library contained the following spells:

 Spells                   Type           Power      Damage    Failure   Level


Dungeon Overview and Level Annotations

Branches:
Dungeon (11/15)            Temple (1/1) D:5         Ossuary (visited)
   Lair: D:8-11         Orc: D:9-12

Altars:
Ashenzari
Cheibriados
Dithmenos
Elyvilon
Fedhas
Gozag
Hepliaklqana
Kikubaaqudgha
Makhleb
Nemelex Xobeh
Okawaru
Qazlal
Ru
Sif Muna
Trog
Uskayaw
Vehumet
Wu Jian
Xom
Yredelemnul
Zin
The Shining One

Shops:
D:3 =   D:4 (   D:7 *


Innate Abilities, Weirdness & Mutations

You have very sharp fingernails.
When hurt, damage is shared between your health and your magic reserves.
You regenerate magic rapidly.
Your movements are less encumbered by armour. (ER -4)
You are agile. (Dex +2)
You possess an exceptional clarity of mind.
You evolve.


Message History

You are too injured to fight recklessly!
You are too injured to fight recklessly!
You are too injured to fight recklessly!
You are too injured to fight recklessly!
You are too injured to fight recklessly!
You are too injured to fight recklessly!
You are too injured to fight recklessly!
You are too injured to fight recklessly!
You are too injured to fight recklessly!
You are too injured to fight recklessly!
You are too injured to fight recklessly!
You are too injured to fight recklessly!
You are too injured to fight recklessly!
You are too injured to fight recklessly!
You are too injured to fight recklessly!
You are too injured to fight recklessly!
You are too injured to fight recklessly!
You are too injured to fight recklessly!
You feel much better.
The white ugly thing gores you but does no damage.
A red film seems to cover your vision as you go berserk!
You feel yourself moving faster!
You feel mighty! The white ugly thing gores you!
The white ugly thing freezes you!!
* * * LOW HITPOINT WARNING * * *
You slice the white ugly thing!!
The white ugly thing is almost dead.
The white ugly thing closely misses you.
You slash the white ugly thing!
You kill the white ugly thing!
Lugonu accepts your kill. The acid dragon spits acid at you.
The splash of acid hits you.
* * * LOW HITPOINT WARNING * * *
The acid corrodes you!
You are splashed with acid!
* * * LOW HITPOINT WARNING * * *
You hear a shout!
Items here: )) †††.
Unknown command.
You barely miss the acid dragon. The acid dragon bites you.
You die...

# ## .... .# #.#
....# #.### ..#
...# ##...# ..#
#..#
#.###..#..###D#
. #..#
#.#.#...#.#@# ..
#..#
#...#)#...##
..####..## .#
#.#.(#..#.#
.........) .##
#...#(#...#
..#.#..#. .##.##
#.#...#.#.#
#...# #..)#.
.##.#.#
#..#..###.#
....#.#.##. #.
#...###...## .(#
#....##.##. #.
#..#.#.###.# .#
#....#..##.
#.##.#...##.##..
.# #....#..##.


You could see an acid dragon (catching breath).

Vanquished Creatures
  A boulder beetle (D:11)
  A two-headed ogre (D:11)
  The ghost of Nausicaa the Ruffian, a novice VSTm of Cheibriados (D:9)
  2 ugly things
  A cyclops (D:11)
  5 gargoyles (D:8)
  Maggie (D:6)
  4 trolls
  2 hornets (D:7)
  3 slime creatures (D:7)
  3 wyverns
  A vampire (D:7)
  A wraith (D:11)
  3 neqoxecs (D:9)
  3 vampire mosquitoes (D:10)
  2 acid dragons
  A floating eye (shapeshifter) (D:11)
  2 ice beasts
  A water moccasin (D:5)
  3 hornet zombies (Ossuary)
  3 black bears
  2 orc warriors
  2 sky beasts (D:7)
  2 necrophages
  An ogre (D:7)
  4 centaurs
  3 kobold brigands
  5 bullfrogs
  3 wyvern zombies
  A water moccasin zombie (Ossuary)
  2 scorpions
  4 bullfrog zombies (Ossuary)
  5 centaur zombies
  2 hounds
  3 quasits (D:9)
  3 orc priests
  Crazy Yiuf (D:2)
  A centaur skeleton (D:5)
  A jelly (D:7)
  A bullfrog skeleton (D:6)
  7 orc wizards
  Terence (D:3)
  9 mummies (Ossuary)
  2 howler monkey zombies (Ossuary)
  4 gnolls
  8 adders
  An ufetubus (D:5)
  A dart slug (D:1)
  29 orcs
  10 ball pythons
  3 bats
  7 endoplasms
  7 giant cockroaches
  7 goblins
  5 hobgoblins
  5 quokkas
  3 frilled lizards
  19 kobolds
  7 rats
225 creatures vanquished.

Vanquished Creatures (others)
  2 fungi (D:11)
  10 withered plants (Ossuary)
12 creatures vanquished.

Grand Total: 237 creatures vanquished

Notes
Turn   | Place    | Note
-------+----------+-------------------------------------------
     0 | Abyss:1  | ezpacito the Demonspawn Abyssal Knight began the quest for
                  | the Orb.
     0 | Abyss:1  | Reached XP level 1. HP: 18/18 MP: 2/2
    39 | Abyss:1  | Noticed an ancient zyme
    43 | Abyss:1  | Noticed a starcursed mass
    46 | D:1      | Escaped the Abyss
   192 | D:1      | Reached skill level 1 in Dodging
   442 | D:1      | Found a faded altar of an unknown god.
   626 | D:1      | Reached * piety under Lugonu
   627 | D:1      | Gained mutation: You have sharp fingernails. [demonic
                  | ancestry]
   627 | D:1      | Reached XP level 2. HP: 24/24 MP: 3/3
  1752 | D:2      | Reached XP level 3. HP: 29/29 MP: 5/5
  1809 | D:2      | Found a burning altar of Makhleb.
  2167 | D:2      | Found a runed translucent door.
  2168 | D:2      | Noticed Crazy Yiuf
  2499 | D:2      | Gained mutation: Your movements are slightly less
                  | encumbered by armour. (ER -2) [demonic ancestry]
  2499 | D:2      | Reached XP level 4. HP: 29/35 MP: 6/6
  2607 | D:2      | Killed Crazy Yiuf
  2608 | D:2      | Reached skill level 1 in Spellcasting
  2872 | D:3      | Found Vupuyr's Jewellery Emporium.
  2886 | D:3      | Reached XP level 5. HP: 32/41 MP: 7/7
  3351 | D:3      | Reached ** piety under Lugonu
  3589 | D:3      | Noticed Terence
  3602 | D:3      | Killed Terence
  4320 | D:4      | Found a stormy altar of Qazlal.
  4327 | D:4      | Noticed a necrophage
  4351 | D:4      | Killed a necrophage
  4352 | D:4      | Reached skill level 1 in Unarmed Combat
  4352 | D:4      | Gained mutation: You regenerate magic rapidly. [demonic
                  | ancestry]
  4352 | D:4      | Reached XP level 6. HP: 44/47 MP: 8/8
  4542 | D:4      | Found Goasiem's Antique Weapon Shop.
  4569 | D:4      | You fall into a shaft and drop 2 floors!
  4714 | D:6      | Reached skill level 1 in Evocations
  4908 | D:6      | Noticed Maggie
  4945 | D:6      | HP: 2/48 [Maggie (3)]
  4947 | D:6      | Killed Maggie
  4948 | D:6      | Reached XP level 7. HP: 2/54 MP: 10/10
  5356 | D:5      | Entered Level 5 of the Dungeon
  5604 | D:5      | You fall into a shaft and drop 3 floors!
  5607 | D:8      | Noticed a wyvern
  5625 | D:7      | Found a sand-covered staircase.
  5638 | Ossuary  | Entered an ossuary
  5639 | Ossuary  | Gained mutation: You possess an exceptional clarity of
                  | mind. [potion of mutation]
  5639 | Ossuary  | Gained mutation: You evolve. [potion of mutation]
  5639 | Ossuary  | Gained mutation: You are agile. (Dex +2) [potion of
                  | mutation]
  5683 | Ossuary  | Gained mutation: When hurt, damage is shared between your
                  | health and your magic reserves. [demonic ancestry]
  5683 | Ossuary  | Reached XP level 8. HP: 10/61 MP: 11/11
  5751 | Ossuary  | Reached skill level 5 in Invocations
  5779 | Ossuary  | Reached *** piety under Lugonu
  5929 | Ossuary  | Reached skill level 5 in Axes
  6049 | Ossuary  | Identified a scroll of acquirement
  6049 | Ossuary  | Acquired a manual of Air Magic
  6167 | Ossuary  | Reached skill level 1 in Air Magic
  6377 | D:7      | Noticed a hornet
  6395 | D:7      | Paralysed by a hornet for 1 turns
  6404 | D:7      | Killed a hornet
  6405 | D:7      | Reached skill level 5 in Armour
  6697 | D:6      | Reached XP level 9. HP: 64/67 MP: 13/13
  7721 | D:5      | Reached skill level 5 in Fighting
  8042 | D:5      | Found a staircase to the Ecumenical Temple.
  8118 | D:5      | Found an ornate altar of the Wu Jian Council.
  8479 | Temple   | Entered the Ecumenical Temple
  8876 | D:7      | Found Ewininu's Assorted Antiques.
  9197 | D:7      | Reached **** piety under Lugonu
  9269 | D:7      | Bought a slimy battleaxe for 276 gold pieces
  9269 | D:7      | Identified the +1 battleaxe of Hin Kaph {spect, rElec Dex+3
                  | Stlth+} (You bought it in a shop on level 7 of the Dungeon)
  9365 | D:7      | Gained mutation: You have very sharp fingernails. [demonic
                  | ancestry]
  9365 | D:7      | Reached XP level 10. HP: 35/74 MP: 10/16
  9733 | D:7      | Found a shadowy altar of Dithmenos.
  9948 | D:7      | Learned a level 1 spell: Shock
  9952 | D:7      | Learned a level 3 spell: Swiftness
  9957 | D:7      | Learned a level 4 spell: Airstrike
 10044 | D:8      | Noticed a gargoyle
 10051 | D:8      | Killed a gargoyle
 10364 | D:8      | Found a sacrificial altar of Ru.
 10522 | D:8      | Reached skill level 1 in Conjurations
 10554 | D:8      | Found a burning altar of Makhleb.
 10990 | D:8      | Noticed a gargoyle
 10993 | D:8      | Killed a gargoyle
 10999 | D:8      | Noticed a gargoyle
 11003 | D:8      | Killed a gargoyle
 11133 | D:8      | Noticed a gargoyle
 11141 | D:8      | Killed a gargoyle
 11196 | D:8      | Noticed a gargoyle
 11201 | D:8      | Killed a gargoyle
 11566 | D:8      | Found a shimmering blue altar of Sif Muna.
 11573 | D:8      | Found a bloodstained altar of Trog.
 11578 | D:8      | Found a blossoming altar of Fedhas.
 11585 | D:8      | Found a basalt altar of Yredelemnul.
 11590 | D:8      | Found a hazy altar of Hepliaklqana.
 11603 | D:8      | Found a shimmering altar of Xom.
 11933 | D:9      | Found a transporter.
 11946 | D:9      | Noticed Nausicaa's ghost (novice VSTm)
 12063 | D:9      | Found a transporter.
 12597 | D:9      | Gained mutation: Your body sometimes deteriorates upon
                  | taking damage. [a neqoxec]
 12604 | D:9      | Killed Nausicaa's ghost
 12605 | D:9      | Reached skill level 5 in Air Magic
 12605 | D:9      | Reached skill level 5 in Evocations
 12605 | D:9      | Reached XP level 11. HP: 81/81 MP: 18/18
 12737 | D:10     | Entered Level 10 of the Dungeon
 12749 | D:10     | Noticed a brown ugly thing
 12756 | D:10     | Killed a brown ugly thing
 13016 | D:10     | Reached ***** piety under Lugonu
 13491 | D:10     | Gained mutation: Your movements are less encumbered by
                  | armour. (ER -4) [evolution]
 13492 | D:10     | Lost mutation: Your body sometimes deteriorates upon taking
                  | damage. [potion of mutation]
 13492 | D:10     | Lost mutation: You are agile. (Dex +2) [potion of mutation]
 13492 | D:10     | Lost mutation: You possess an exceptional clarity of mind.
                  | [potion of mutation]
 13492 | D:10     | Gained mutation: You possess an exceptional clarity of
                  | mind. [potion of mutation]
 13492 | D:10     | Gained mutation: You are agile. (Dex +2) [potion of
                  | mutation]
 13654 | D:11     | Noticed a boulder beetle
 13685 | D:11     | Killed a boulder beetle
 13686 | D:11     | Reached skill level 5 in Spellcasting
 13695 | D:11     | Reached skill level 5 in Unarmed Combat
 14071 | D:11     | Noticed a two-headed ogre
 14073 | D:11     | Noticed a sea snake
 14076 | D:11     | a sea snake changed into a floating eye
 14079 | D:11     | Noticed a white ugly thing
 14081 | D:11     | Killed a two-headed ogre
 14098 | D:11     | Killed a white ugly thing
 14099 | D:11     | HP: 2/124 [acid (9)]
 14100 | D:11     | Slain by an acid dragon

Illustrated notes

Levels and vault maps discovered:
D:1:      dpeg_arrival_water_temple_mockup, layout_basic,
          basic_ecumenical_altar, st_stairs_8, minmay_tromino_v4_b
D:2:      layout_rooms, basic_altar, uniq_crazy_yiuf_cottage
D:3:      layout_basic, serial_shops, shop, grunt_ministairs_3,
          grunt_decor_junction, uniq_terence
D:4:      layout_rooms, mainiacjoe_overflow_small_starburst, serial_shops,
          nicolae_shop_statue_plus, kennysheep_generic_room_14
D:5:      layout_basic, nzn_wu_jian_council_hall, minmay_temple_entry_mist
D:6:      layout_basic, uniq_maggie
D:7:      layout_cave_pools, mainiacjoe_overflow_paths, serial_shops, shop,
          chequers_ossuary_entry_cave
D:8:      cheibrodos_statue_roulette, layout_basic, nicolae_ru_awakened_eye,
          mainiacjoe_overflow_tiny_flanked, grunt_temple_overflow_octagram
D:9:      layout_roguey, gammafunk_ghost_stat_death
D:10:     layout_basic, mainiacjoe_overflow_concentric_impassable
D:11:     minmay_ornate_pinched, layout_loops_ring, david_lair_generic,
          serial_shops, nicolae_diamond_shop, nicolae_take_the_stairs
Temple:   nicolae_temple_figure_zero

Skill      XL: |  1  2  3  4  5  6  7  8  9 10 11 |
---------------+----------------------------------+-----
Dodging        | 1 |  1.7
Axes           | 2 3 4 5 6 7 8 |  8.1
Armour         | 2 3 4 5 6 7 |  7.8
Invocations    | 3 4 5 6 7 8 |  8.1
Spellcasting   | 1 2 3 4 5 |  5.2
Unarmed Combat | 1 2 3 4 5 |  5.1
Evocations     | 1 2 3 4 5 |  5.5
Fighting       | 4 5 6 |  6.6
Air Magic      | 1 3 5 |  5.9
Conjurations   | 2 3 |  3.2

Action                   |  1- 3 |  4- 6 |  7- 9 | 10-12 || total
-------------------------+-------+-------+-------+-------++-------
Melee: Hand axe          |   150 |   127 |       |       ||   277
       Broad axe         |       |       |   336 |       ||   336
       Punch             |       |       |     4 |       ||     4
       Battleaxe         |       |       |    11 |   229 ||   240
Invok: Depart the Abyss  |     1 |       |       |       ||     1
Evoke: Wand              |       |    15 |    10 |     2 ||    27
  Use: Scroll            |     5 |     7 |    12 |     3 ||    27
       Potion            |       |     4 |    16 |     8 ||    28
 Stab: Sleeping          |     1 |       |     2 |     5 ||     8
       Invisible         |       |       |     3 |       ||     3
       Distracted        |       |       |     1 |     5 ||     6
Armor: Leather armour    |    46 |       |       |       ||    46
       Chain mail        |    32 |    91 |       |       ||   123
       Steam dragon scal |       |       |   298 |   125 ||   423
Dodge: Dodged            |   101 |    42 |   315 |   151 ||   609

Table legend: (Time is in decaauts)
 A = Elapsed time spent in this place.
 B = Non-inter-level travel time spent in this place.
 C = Inter-level travel time spent in this place.
 D = Time resting spent in this place.
 E = Time spent auto-exploring this place.
 F = Levels seen in this place.
 G = Mean time per level.
                   A        B        C        D        E       F      G
               +--------+--------+--------+--------+--------+-----+--------+
         Total |  14426 |  13830 |    596 |   2774 |   8794 |  14 | 1030.4 |
       Dungeon |  13455 |  12870 |    585 |   2497 |   8445 |  11 | 1223.2 |
        Temple |    123 |    113 |     10 |      0 |    113 |   1 |  123.0 |
         Abyss |     46 |     46 |      0 |      0 |     38 |   1 |   46.0 |
       Ossuary |    801 |    801 |      0 |    277 |    197 |   1 |  801.0 |
               +--------+--------+--------+--------+--------+-----+--------+

Top non-repeatable levels by time:
     D:1: 1787 daAuts
     D:8: 1755 daAuts
     D:7: 1594 daAuts
     D:6: 1539 daAuts
     D:3: 1426 daAuts
     D:5: 1218 daAuts
     D:9: 1053 daAuts
     D:2: 983 daAuts
    D:10: 886 daAuts
 Ossuary: 801 daAuts
     D:4: 671 daAuts
    D:11: 539 daAuts
  Temple: 123 daAuts
 Abyss:1: 46 daAuts
